 Dungeon Crawl Stone Soup version 0.29-a0-1043-g569b05d6ff (webtiles) character file.

Game seed: 2636176895169711139

1133 spiderkeys the Shooter (level 8, 0/54 HPs)
             Began as an Octopode Arcane Marksman on Aug 16, 2022.
             Was an Initiate of Nemelex Xobeh.
             Slain by a black bear (12 damage)
             ... on level 6 of the Dungeon.
             The game lasted 00:11:11 (7528 turns).

spiderkeys the Shooter (Octopode Arcane Marksman)   Turns: 7528, Time: 00:11:12

Health: 0/54       AC:  1    Str:  9    XL:     8   Next: 36%
Magic:  23/23      EV: 15    Int: 19    God:    Nemelex Xobeh [......]
Gold:   224        SH:  0    Dex: 17    Spells: 14/15 levels left

rFire   . . .      SeeInvis .   a - +1 sling
rCold   . . .      Faith    .   (no shield)
rNeg    . . .      Spirit   .   (helmet restricted)
rPois   .          Reflect  .   (no amulet)
rElec   .          Harm     .   t - ring "Ysinuche" {Wiz Int+4 Dex+2}
rCorr   .          Rampage  .   W - ring of magical power
Will    .....                   (no ring)
Stlth   +++.......              (no ring)
HPRegen 0.18/turn               (no ring)
MPRegen 0.18/turn               (no ring)
                                (no ring)
                                (no ring)

@: no status effects
A: almost no armour, amphibious, 8 rings, camouflage 1, gelatinous body 1,
(nimble swimmer 1), tentacles
a: Renounce Religion, Draw Escape, Draw Destruction, Draw Summoning


You were on level 6 of the Dungeon.
You worshipped Nemelex Xobeh.
Nemelex Xobeh was noncommittal.
You visited 1 branch of the dungeon, and saw 6 of its levels.

You collected 276 gold pieces.
You spent 52 gold pieces at shops.


Innate Abilities, Weirdness & Mutations

You cannot wear most types of armour.
You are amphibious.
You can wear up to eight rings at the same time.
Your skin changes colour to match your surroundings (Stealth+).
Your rubbery body absorbs attacks. (AC +1, EV +1)
((You are camouflaged when in or above water. (Stealth+)))
You have tentacles for arms and can constrict up to eight enemies at once.


   Skills:
 + Level 4.7 Fighting
 + Level 5.1 Ranged Weapons
 + Level 5.1 Dodging
 + Level 4.3 Spellcasting
 - Level 3.0 Hexes


You had 14 spell levels left.
You knew the following spells:

 Your Spells              Type           Power      Damage    Failure   Level
s - Slow                  Hex            60%        N/A       1%          1

Your spell library contained the following spells:

 Spells                   Type           Power      Damage    Failure   Level
 Sandblast                Erth           8%         2d5       5%          1
 Passwall                 Tmut/Erth      3%         N/A       9%          2
 Static Discharge         Conj/Air       4%         3-4/arc   9%          2
 Inner Flame              Hex/Fire       9%         N/A       9%          3
 Portal Projectile        Hex/Tloc       18%        N/A       9%          3
 Gell's Gravitas          Tloc           4%         N/A       16%         3
 Lesser Beckoning         Tloc           4%         N/A       16%         3
 Ozocubu's Armour         Ice            4%         N/A       16%         3
 Stone Arrow              Conj/Erth      8%         3d7       16%         3
 Teleport Other           Tloc           4%         N/A       16%         3
 Cause Fear               Hex            7%         N/A       16%         4
 Metabolic Englaciation   Hex/Ice        4%         N/A       58%         5
 Lightning Bolt           Conj/Air       2%         1d13      78%         5
 Simulacrum               Ice/Necr       2%         N/A       100%        6
 Maxwell's Capacitive Co  Air            2%         ∞         100%        8

Inventory:

Hand Weapons
 a - a +1 sling (weapon)
Missiles
 h - 48 stones
 m - 6 datura-tipped darts
Jewellery
 t - the ring "Ysinuche" (left tentacle) {Wiz Int+4 Dex+2}
   (You found it on level 4 of the Dungeon)

   [ring of wizardry]

   It improves your spell success rate.
   Int:       It affects your intelligence (+4).
   Dex:       It affects your dexterity (+2).
 W - a ring of magical power (right tentacle)
   (You found it on level 5 of the Dungeon)
Scrolls
 b - a scroll of poison {!r}
 f - 4 scrolls of enchant weapon {unknown}
 i - a scroll of summoning
 j - a scroll of noise {!r}
 l - a scroll of brand weapon {unknown}
 n - a scroll of magic mapping {!r}
 o - 2 scrolls of teleportation {unknown}
 q - 2 scrolls of identify {@r1}
 s - a scroll of butterflies {unknown}
Potions
 c - 2 potions of mutation {unknown}
 d - 4 potions of degeneration {unknown}
 e - a potion of haste {unknown}
 g - a potion of lignification {unknown}
 k - a potion of resistance {unknown}
 p - a potion of flight {unknown}
 r - a potion of berserk rage {unknown}
 u - a potion of curing {@q1}

Dungeon Overview and Level Annotations

Branches:
Dungeon (6/15) Zot: 26987
 Temple: D:4-7

Altars:
Elyvilon
Hepliaklqana
Nemelex Xobeh

Shops:
D:2 (   D:5 *

Annotations:
D:4 1 transporter, osoart's ghost, amateur TrMo

..# #.. ##.. #
... ... #..
##..#.. #
.......##.##.#
#h@.....#
####.#### #


You could see a black bear (berserk).


Message History

😎 MP[-1]
You lost 1 mp, and now have 22/23 mp.
Fire: a) +1 sling
Press: ? - help, Q - select action, (/) - cycle Shift-Dir - straight line, f/p - ogre
Aim: an ogre, wielding a +0 giant club (heavily wounded, slow, 77% to hit)
Okay, then.
You shoot a sling bullet. The sling bullet hits the ogre.
You shoot a sling bullet. The sling bullet hits the ogre.
You shoot a sling bullet.
The sling bullet hits the ogre. 😎 MP[+1]
Your mp is fully restored (23).
You shoot a sling bullet. The sling bullet hits the ogre.
You shoot a sling bullet. The sling bullet hits the ogre.
You kill the ogre!
No target in view!
Things that are here:
a +0 giant club; an ogre corpse
There is an open door here.
There is an open door here.
There is an open door here.
Key pressed, stopping explore.
You open the door.
An endoplasm comes into view.
An endoplasm is nearby!
An endoplasm is nearby!
You shoot a sling bullet. The sling bullet hits the endoplasm.
The endoplasm quivers.
You shoot a sling bullet. The sling bullet hits the endoplasm.
The endoplasm barely misses you.
You shoot a sling bullet. The sling bullet hits the endoplasm.
You kill the endoplasm!
No target in view!
There is an open door here.
Done exploring.
Key pressed, stopping explore.
Done exploring.
Done exploring.
There is an open door here.
There is a sparkling altar of Nemelex Xobeh here.
You curl up in front of the altar of Nemelex Xobeh.
Nemelex Xobeh welcomes you!
You can now draw from decks of power.
Okay, then.
Done exploring.
Done exploring.
Done exploring.
Done exploring.
There is an open door here.
There is an open door here.
There is an open door here.
There is a stone staircase leading down here.
You climb downwards.
There is a stone staircase leading up here.
You shoot a sling bullet. The sling bullet hits the black bear.
Casting: Slow (safe; 1% risk of failure)
Confirm with . or Enter, or press ? or * to list all spells.
Okay, then.
Casting: Slow (safe; 1% risk of failure)
Confirm with . or Enter, or press ? or * to list all spells.
Aiming: Slow (safe; 1% risk of failure)
Press: ? - help, Shift-Dir - straight line, f/p - black bear
Aim: a black bear (moderately wounded, chance to affect: 54%)
The black bear seems to slow down. 😎 MP[-1]
You lost 1 mp, and now have 22/23 mp.
You shoot a sling bullet.
The sling bullet closely misses the black bear.
You shoot a sling bullet. The sling bullet hits the black bear!
You shoot a sling bullet. The sling bullet hits the black bear.
The black bear bites you. The black bear closely misses you.
The black bear claws you. 😕 HP[-5]
You take 5 damage, and now have 49/54 hp.
You shoot a sling bullet. The sling bullet hits the black bear!
You shoot a sling bullet.
The sling bullet barely misses the black bear.
The black bear shakes off its lethargy.
The black bear goes berserk! 😕 HP[+1] MP[+1]
Your mp is fully restored (23).
You clumsily bash the black bear but do no damage.
Your grab misses the black bear. The black bear completely misses you.
The black bear claws you. x2; The black bear bites you!
The black bear claws you. x2
* * * LOW HITPOINT WARNING * * *
😨 HP[-27]
You take 27 damage, and now have 23/54 hp.
MASSIVE DAMAGE!! (PAUSE)
You clumsily bash the black bear but do no damage.
You grab the black bear. You constrict the black bear.
The black bear bites you.
* * * LOW HITPOINT WARNING * * *
The black bear barely misses you. The black bear misses you.
The black bear bites you.
* * * LOW HITPOINT WARNING * * *
The black bear claws you.
* * * LOW HITPOINT WARNING * * *
The black bear closely misses you. The black bear bites you!
You die...
Your body disappears without a glow.

Skill      XL: |  1  2  3  4  5  6  7  8 |
---------------+-------------------------+-----
Fighting       | 2 3 4 |  4.7
Spellcasting   | 2 3 4 |  4.3
Ranged Weapons | 3 4 5 |  5.1
Dodging        | 3 4 5 |  5.1
Hexes          | |  3.0

Action                   |  1- 3 |  4- 6 |  7- 9 || total
-------------------------+-------+-------+-------++-------
Melee: Sling             |       |     1 |     8 ||     9
       Constrict         |       |     1 |     4 ||     5
       Tentacles         |       |       |     3 ||     3
 Fire: Sling             |   118 |   156 |   204 ||   478
Throw: Dart              |       |       |     2 ||     2
 Cast: Slow              |    12 |    13 |    23 ||    48
  Use: Scroll            |       |     4 |       ||     4
       Potion            |       |     2 |     2 ||     4
Armor: Skin              |     6 |     8 |     6 ||    20
Dodge: Dodged            |    15 |   122 |   102 ||   239

Levels and vault maps discovered:
D:1:      shiori_arrival_oz, layout_basic, dilly_ecumenical_altar_fadedgnrine
D:2:      layout_basic, serial_shops, nicolae_shop_overgrown_old_shop,
          st_stairs_12
D:3:      layout_rooms, nicolae_elyvilon_peaceful_grove
D:4:      layout_cave_pools, mainiacjoe_overflow_24_doors,
          gammafunk_ghost_smash, serial_undead, serial_undead_a,
          serial_undead_f, serial_undead_e, serial_undead_f, serial_undead_b,
          serial_undead_c
D:5:      nicolae_cairo_tiling, layout_gridville, nemelex_dance_club_becter,
          serial_shops, shop, kennysheep_generic_room_9, uniq_prince_ribbit1
D:6:      layout_loops_cross, nicolae_dithmenos_through_a_glass_darkly

Notes
Turn   | Place    | Note
-------+----------+-------------------------------------------
     0 | D:1      | spiderkeys the Octopode Arcane Marksman began the quest for
                  | the Orb.
     0 | D:1      | Reached XP level 1. HP: 13/13 MP: 2/2
     0 | D:1      | magus.rc [v1.11.3]
    28 | D:1      | You pick up a book of Winter and begin reading...
    28 | D:1      | You add the spells Ozocubu's Armour, Metabolic Englaciation
                  | and Simulacrum to your library.
    78 | D:1      | Reached XP level 2. HP: 18/18 MP: 3/3
   301 | D:1      | You pick up a book of Lightning and begin reading...
   301 | D:1      | You add the spells Static Discharge, Lightning Bolt and
                  | Maxwell's Capacitive Coupling to your library.
   360 | D:1      | You pick up a book of Geomancy and begin reading...
   360 | D:1      | You add the spells Sandblast, Passwall and Stone Arrow to
                  | your library.
   384 | D:1      | Reached XP level 3. HP: 23/23 MP: 5/5
   883 | D:1      | Found a faded altar of an unknown god.
  1618 | D:2      | Found Vohon's Antique Weapon Emporium.
  1772 | D:2      | Reached XP level 4. HP: 29/29 MP: 6/6
  1779 | D:2      | Reached skill level 2 in Fighting
  1985 | D:3      | Reached skill level 2 in Spellcasting
  2377 | D:3      | Noticed an ogre
  2419 | D:3      | Killed an ogre
  2420 | D:3      | Reached skill level 3 in Ranged Weapons
  2420 | D:3      | Reached skill level 3 in Dodging
  2420 | D:3      | Reached XP level 5. HP: 35/35 MP: 5/8
  2559 | D:3      | You fall into a shaft and drop 2 floors!
  2559 | D:5      | Entered Level 5 of the Dungeon
  2612 | D:5      | Found Lunoas's Assorted Antiques.
  2620 | D:5      | Bought a scroll labelled XEIZXI TUMIOG for 26 gold pieces
  2620 | D:5      | Bought a scroll labelled LEPLOCHOTO for 26 gold pieces
  2670 | D:5      | You pick up a book of Displacement and begin reading...
  2670 | D:5      | You add the spells Lesser Beckoning, Gell's Gravitas and
                  | Teleport Other to your library.
  2926 | D:5      | Reached XP level 6. HP: 22/41 MP: 9/9
  2931 | D:5      | HP: 9/41 [orc/+0 falchion (8)]
  3217 | D:5      | HP: 6/41 [hound (6)]
  3219 | D:5      | Reached skill level 3 in Fighting
  3733 | D:4      | HP: 5/42 [orc/+0 flail (6)]
  3734 | D:4      | Reached skill level 3 in Spellcasting
  3734 | D:4      | HP: 1/42 [scorpion zombie (4)]
  3746 | D:4      | HP: 8/42 [hound zombie (3)]
  3750 | D:4      | HP: 2/42 [hound zombie (2)]
  4054 | D:4      | Reached skill level 4 in Ranged Weapons
  4054 | D:4      | Reached skill level 4 in Dodging
  4054 | D:4      | Reached XP level 7. HP: 16/46 MP: 11/11
  4551 | D:4      | Found a transporter.
  4555 | D:4      | Noticed osoart's ghost (amateur TrMo)
  4835 | D:4      | Found a hazy altar of Hepliaklqana.
  5244 | D:3      | Found a white marble altar of Elyvilon.
  5761 | D:4      | Identified the ring "Ysinuche" {Wiz Int+4 Dex+2}
  6289 | D:5      | Reached skill level 4 in Fighting
  6594 | D:5      | Noticed Prince Ribbit
  6606 | D:5      | Killed Prince Ribbit
  6607 | D:5      | Reached skill level 4 in Spellcasting
  6607 | D:5      | Reached XP level 8. HP: 39/54 MP: 14/14
  6743 | D:5      | HP: 11/54 [acid (10)]
  7122 | D:5      | Reached skill level 5 in Ranged Weapons
  7122 | D:5      | Reached skill level 5 in Dodging
  7378 | D:5      | Found a sparkling altar of Nemelex Xobeh.
  7463 | D:5      | Became a worshipper of Nemelex Xobeh the Trickster
  7528 | D:6      | HP: 12/54 [black bear (2)]
  7528 | D:6      | Slain by a black bear

Vanquished Creatures
  Prince Ribbit (D:5)
  2 ogres
  A phantom (D:4)
  A scorpion (D:5)
  2 jellies (D:5)
  A centaur skeleton (D:4)
  An orc priest (D:5)
  3 hounds
  2 iguanas (D:5)
  A scorpion zombie (D:4)
  A hound zombie (D:4)
  10 adders
  An adder zombie (D:4)
  2 adder skeletons (D:4)
  A worm (D:2)
  3 dart slugs
  11 orcs
  7 endoplasms
  3 giant cockroaches
  4 goblins
  7 hobgoblins
  7 jackals
  7 kobolds
  6 quokkas
  7 ball pythons
  6 bats
  8 frilled lizards
  3 rats
109 creatures vanquished.

Vanquished Creatures (collateral kills)
  A scorpion (D:5)
  A scorpion zombie (D:4)
  A hound zombie (D:4)
  An adder zombie (D:4)
  A ball python (D:4)
5 creatures vanquished.

Vanquished Creatures (others)
  A butterfly (D:3)
  2 withered plants (D:4)
3 creatures vanquished.

Grand Total: 117 creatures vanquished

Table legend:
 A = Non-vault XP
 B = Vault XP
 C = Vault XP percentage of total XP
 D = Non-vault monster count
 E = Vault monster count
 F = Vault count percentage of total count
                 A         B        C        D         E       F
            +---------+---------+-------+---------+---------+-------
      Total |     942 |     677 |  41.8 |      98 |      16 |  14.0
            +---------+---------+-------+---------+---------+-------
        D:1 |      43 |       3 |   6.5 |      24 |       2 |   7.7
        D:2 |      54 |       1 |   1.8 |      22 |       1 |   4.3
        D:3 |     219 |       0 |   0.0 |      19 |       0 |   0.0
        D:4 |      67 |     276 |  80.5 |      11 |      10 |  47.6
        D:5 |     559 |     397 |  41.5 |      22 |       3 |  12.0
            +---------+---------+-------+---------+---------+-------

Illustrated notes

Table legend:
 A = Kills in this place as a percentage of kills in entire the game.
 B = Kills by you in this place as a percentage of kills by you in the entire game.
 C = Kills by friends in this place as a percentage of kills by friends in the entire game.
 D = Other kills in this place as a percentage of other kills in the entire game.
 E = Experience gained in this place as a percentage of experience gained in the entire game.
 F = Experience gained in this place divided by the number of levels of this place that you have seen.
                   A       B       C       D       E      F
               +-------+-------+-------+-------+-------+----------------------
         Total | 100.0 | 100.0 | 100.0 |   N/A | 100.0 | 269.8
       Dungeon | 100.0 | 100.0 | 100.0 |   N/A | 100.0 | 269.8
               +-------+-------+-------+-------+-------+----------------------

Table legend: (Time is in decaauts)
 A = Elapsed time spent in this place.
 B = Non-inter-level travel time spent in this place.
 C = Inter-level travel time spent in this place.
 D = Time resting spent in this place.
 E = Time spent auto-exploring this place.
 F = Levels seen in this place.
 G = Mean time per level.
                   A        B        C        D        E       F      G
               +--------+--------+--------+--------+--------+-----+--------+
         Total |   7643 |   7462 |    181 |    957 |   5458 |   6 | 1273.8 |
       Dungeon |   7643 |   7462 |    181 |    957 |   5458 |   6 | 1273.8 |
               +--------+--------+--------+--------+--------+-----+--------+

Top non-repeatable levels by time:
     D:5: 3159 daAuts
     D:4: 1356 daAuts
     D:3: 1106 daAuts
     D:2: 1047 daAuts
     D:1: 963 daAuts
     D:6: 11 daAuts
